 Dungeon Crawl Stone Soup version 0.30-b1-2-g02819fbbbe (webtiles) character file.

Game seed: 4368051305534399354

50463 Anon1729 the Unseen (level 14, -7/88 HPs)
             Began as an Octopode Monk on July 31, 2023.
             Was a High Priest of Hepliaklqana.
             Mangled by an orc knight
             ... wielding a +1 battleaxe
              (16 damage)
             ... while paralysed by an orc sorcerer
             ... on level 2 of the Orcish Mines on Aug 1, 2023.
             The game lasted 01:23:51 (17886 turns).

Anon1729 the Unseen (Octopode Monk)                Turns: 17886, Time: 01:23:51

Health: -7/88      AC: 14    Str: 17      XL:     14   Next: 55%
Magic:  18/21      EV:  5    Int: 20 (22) God:    Hepliaklqana [*****.]
Gold:   2269       SH:  0    Dex: 20      Spells: 18/23 levels left

rFire   . .          .
                       - Unarmed
rCold   . . .        (shield currently unavailable)
rNeg    + . .        N - melded +2 hat
rPois   x            o - amulet of regeneration
rElec   .            c - +4 ring of protection
rCorr   .            f - ring of see invisible
SInv    +            e - +6 ring of intelligence
Will    +....        g - ring of positive energy
Stlth   +++++++      d - +6 ring of strength
HPRegen 1.14/turn    b - +4 ring of protection
MPRegen 0.17/turn    a - +4 ring of protection
                     (no ring)

%: no passive effects
@: paralysed, lethally poisoned (-7 -> -8), spider-form, studying Stealth
A: venomous fangs, reduced essence, almost no armour, (amphibious), 8 rings,
tiny, (camouflage 1), (gelatinous body 1), (nimble swimmer 1), (tentacles)
a: End Transformation, Renounce Religion, Recall Ancestor, Ancestor Identity,
Transference, Idealise


You were on level 2 of the Orcish Mines.
You worshipped Hepliaklqana.
Hepliaklqana was extremely pleased with you.
You were a venomous arachnid creature.
You visited 4 branches of the dungeon, and saw 17 of its levels.
You also visited: Ice Cave and Volcano.

You collected 2458 gold pieces.
You spent 189 gold pieces at shops.

Inventory:

Hand Weapons
 h - a +0 dagger
Missiles
 m - 2 curare-tipped darts (quivered)
 y - 8 poisoned darts
Armour
 N - a +2 hat (melded)
 Q - an orb of light
Jewellery
 a - a +4 ring of protection (on tentacle)
 b - a +4 ring of protection (on tentacle)
 c - a +4 ring of protection (left front pincers)
 d - a +6 ring of strength (on tentacle)
 e - a +6 ring of intelligence (on tentacle)
 f - a ring of see invisible (right front pincers)
 g - a ring of positive energy (on tentacle)
 o - an amulet of regeneration (around neck)
Wands
 l - a wand of paralysis (1)
 F - a wand of roots (4)
 M - a wand of flame (1)
Scrolls
 k - a scroll of fog
 n - 4 scrolls of enchant armour
 q - a scroll of torment {unknown}
 s - a scroll of teleportation
 t - 2 scrolls of enchant weapon
 u - 2 scrolls of amnesia
 w - a scroll of immolation
 z - a scroll of poison {unknown}
 A - a scroll of fear {unknown}
 B - 2 scrolls of brand weapon
 D - 2 scrolls of vulnerability
 E - 2 scrolls of silence
 L - a scroll of magic mapping {unknown}
Potions
 i - a potion of flight {unknown}
 j - 9 potions of lignification
 p - a potion of resistance
 r - a potion of haste
 x - 2 potions of cancellation
 G - a potion of berserk rage {unknown}
 H - 2 potions of attraction
 I - a potion of magic {unknown}
 J - a potion of degeneration {unknown}
 K - 2 potions of might {unknown}
 O - 2 potions of invisibility {unknown}
 P - a potion of brilliance {unknown}
 R - 6 potions of mutation
Miscellaneous
 C - a lightning rod (4/4)


   Skills:
 + Level 9.7 Fighting
 + Level 9.7 Dodging
 * Level 19.0 Stealth
 + Level 9.6 Unarmed Combat
 - Level 5.0 Spellcasting
 + Level 9.1 Transmutations
 + Level 5.9 Earth Magic
 + Level 7.0 Poison Magic
 + Level 7.4 Invocations
 + Level 7.6 Evocations


You had 18 spell levels left.
You knew the following spells:

 Your Spells              Type           Power      Damage    Failure   Level
a - Passwall              Tmut/Erth      29%        N/A       4%          2
b - Spider Form           Tmut/Pois      37%        N/A       6%          3

Your spell library contained the following spells:

 Spells                   Type           Power      Damage    Failure   Level
 Ensorcelled Hibernation  Hex/Ice        10%        N/A       36%         2
 Lesser Beckoning         Tloc           10%        N/A       36%         2
 Gell's Gravitas          Tloc           5%         N/A       56%         3
 Ozocubu's Armour         Ice            5%         N/A       56%         3
 Swiftness                Air            5%         N/A       56%         3
 Teleport Other           Tloc           5%         N/A       56%         3
 Anguish                  Hex/Necr       2%         N/A       89%         4
 Passage of Golubria      Tloc           5%         N/A       89%         4
 Silence                  Hex/Air        2%         N/A       99%         5
 Ozocubu's Refrigeration  Ice            2%         4d8       100%        7
 Lehudib's Crystal Spear  Conj/Erth      8%         10d3      100%        8


Dungeon Overview and Level Annotations

Branches:
Dungeon (10/15)            Temple (1/1) D:4            Lair (4/5) D:9
  Swamp (0/4) Lair:2       Spider (0/4) Lair:2          Orc (2/2) D:9
    Elf (0/3) Orc:2         IceCv (visited)         Volcano (visited)
  Slime: Lair:4-5

Altars:
Ashenzari
Cheibriados
Dithmenos
Elyvilon
Fedhas
Gozag
Hepliaklqana
Kikubaaqudgha
Makhleb
Nemelex Xobeh
Okawaru
Qazlal
Ru
Sif Muna
Trog
Uskayaw
Vehumet
Wu Jian
Xom
Yredelemnul
Zin
The Shining One

Shops:
D:1 :   D:10 *

Annotations:
D:3 exclusion: upstairs
D:5 exclusion: downstairs
D:6 exclusion: upstairs
D:10 exclusions: ice statue and obsidian statue
Lair:1 2 transporters, 1 exclusion
Lair:3 exclusions: hexer and 2 hydras


Innate Abilities, Weirdness & Mutations

You are a venomous arachnid creature.
You have venomous fangs.
You are tiny and dextrous.
Your spellcasting is less reliable in this form.
Your armour is entirely melded.
You are incapable of wielding weapons or throwing items.
Your life essence is reduced to manifest your ancestor. (-10% HP)
You cannot wear most types of armour.
((You are amphibious.))
You can wear up to eight rings at the same time.
((Your skin changes colour to match your surroundings (Stealth+).))
((Your rubbery body absorbs attacks. (AC +1, EV +1)))
((You are camouflaged when in or above water. (Stealth+)))
((You have tentacles for arms and can constrict up to eight enemies at once.))


Message History

The orc knight hits you with a +1 battleaxe!!
The orc knight barely misses Cashile.
The orc priest closely misses Cashile.
Your Stealth skill increases to level 19!
You closely miss the orc sorcerer. The orange demon stings you from afar.
You are poisoned.
The orange demon poisons you!
Cashile hits the orc knight with a +0 dagger of draining!!
The orc sorcerer hits you but does no damage.
The orc knight hits you with a +1 battleaxe!
The orc knight hits Cashile with a +1 battleaxe.
The orc priest hits Cashile with a +0 flail.
The orc knight attacks as you move away!
The orc knight closely misses you.
The orc knight completely misses Cashile.
You feel extremely sick.
Cashile closely misses the orc priest.
Cashile points at the orc priest and mumbles some strange words.
The orc priest appears confused.
The orc sorcerer hits Cashile with a +0 dagger.
The orc knight hits Cashile with a +1 battleaxe!
You feel extremely sick.
The orange demon stings Cashile!
Cashile is destroyed!
Items here: ( )) [[.
You feel very sick.
Things that are here:
a +0 ring mail; a +0 trident
Okay, then.
Unknown command.
Unknown command.
You feel very sick.
Something hits the orc sorcerer.
You feel very sick.
You feel very sick. The orc sorcerer casts a spell at you.
You suddenly lose the ability to move!
You feel very sick.
You feel sick.
The orc knight hits you with a +1 battleaxe!
You die...

##...÷..§. #...#.# #.)...÷..÷
##...... ##.))# #....... #..o##
###..#.... ..# #..[##
##...#.#... ....# #..)o###
#.........[
......###.[4..######.......[[.
........###.).o.........[...)#.
...._.....##..s....[[.)[...[[##
...........###........[.[....##
#...........##..[......).....#
#...$........................
##......#....................
#.......................#....
##..........................#
##....#.....................##
##....##.#..................##


You could see an orc knight, an orange demon (summoned), an orc sorcerer
(strong) and an orc priest (strong, confused).

Vanquished Creatures
  2 hydras
  A catoblepas (Lair:3)
  The ghost of MisterFreud the Spry, a journeyman FeBe of Trog (Lair:3)
  A two-headed ogre (D:9)
  3 orc high priests (Orc:2)
  4 death yaks
  2 skysharks
  2 orc knights (Orc:2)
  3 orc sorcerers
  7 deep elf pyromancers
  4 elephants
  A black mamba (Lair:3)
  Maurice (D:8)
  A torpor snail (Lair:2)
  7 cane toads
  A gargoyle (D:10)
  A rime drake (IceCv)
  A komodo dragon (Lair:3)
  3 trolls
  9 polar bears
  2 tarantellas (Lair:2)
  4 dream sheep
  A shadow (D:10)
  A wyvern (Lair:2)
  21 yaks
  4 fire elementals (Volcano)
  A redback (Lair:2)
  A warg (Orc:1)
  2 hell hounds
  Duvessa (D:7)
  11 water moccasins
  15 orc warriors
  2 ice beasts (D:9)
  2 sky beasts
  2 black bears
  2 centaurs
  3 ogres
  16 wolves
  2 phantoms
  6 bullfrogs
  Dowan (D:7)
  9 wights
  3 killer bees (D:8)
  4 howler monkeys
  3 electric eels
  A crimson imp (D:8)
  4 hounds
  2 jellies
  16 orc priests
  5 hexers
  An iguana (D:6)
  3 sleepcaps
  Natasha (thrice) (D:4)
  18 orc wizards
  4 gnolls
  17 adders
  12 white imps
  2 worms
  4 dart slugs
  53 orcs
  3 ball pythons
  5 endoplasms
  5 goblins
  5 hobgoblins
  4 jackals (D:3)
  6 kobolds
  3 quokkas
  7 bats
  A frilled lizard (D:1)
  4 rats
362 creatures vanquished.

Vanquished Creatures (collateral kills)
  A two-headed ogre (D:10)
  3 death yaks
  A pharaoh ant (Lair:2)
  A deep elf archer (Volcano)
  A deep elf pyromancer (Volcano)
  An orc knight (Orc:1)
  An orc sorcerer (Orc:2)
  10 elephants
  An ice statue (IceCv)
  3 black mambas
  The ghost of Golzeb the Skirmisher, a novice SpHu of Gozag (D:7)
  A komodo dragon (Lair:2)
  3 cane toads
  A rime drake (D:9)
  A polar bear (IceCv)
  3 hornets
  3 dream sheep
  2 fire elementals (Volcano)
  2 wyverns
  2 wraiths (D:9)
  3 yaks
  A warg (Orc:2)
  3 water moccasins (Lair:2)
  2 hell hounds
  A swamp drake (Lair:2)
  7 orc warriors
  5 wolves
  4 ogres
  A centaur (D:7)
  A phantom (D:6)
  A kobold brigand (D:7)
  5 bullfrogs
  A scorpion (D:5)
  3 wights
  2 orc priests (Orc:1)
  A jelly (D:5)
  An iguana (D:5)
  A sleepcap (D:5)
  4 orc wizards
  4 adders (Lair:2)
  2 white imps (Orc:1)
  An ufetubus (D:7)
  18 orcs
  2 kobolds (D:7)
116 creatures vanquished.

Vanquished Creatures (others)
  2 yaks (IceCv)
  2 killer bees (D:8)
  An orc wizard (Orc:2)
  24 hexers
  An ufetubus (D:5)
  10 fungi
  25 plants
  2 withered plants (D:7)
67 creatures vanquished.

Grand Total: 545 creatures vanquished

Notes
Turn   | Place    | Note
-------+----------+-------------------------------------------
     0 | D:1      | Anon1729 the Octopode Monk began the quest for the Orb.
     0 | D:1      | Reached XP level 1. HP: 16/16 MP: 1/1
   115 | D:1      | Reached XP level 2. HP: 21/21 MP: 2/2
   141 | D:1      | Found Lecex's Book Shop.
   224 | D:1      | Reached skill level 1 in Stealth
   536 | D:1      | Reached XP level 3. HP: 26/26 MP: 3/3
   561 | D:2      | Noticed a black bear
   613 | D:2      | Reached skill level 1 in Transmutations
   724 | D:2      | You fall into a shaft and drop 1 floor!
  1260 | D:3      | Reached skill level 2 in Stealth
  1260 | D:3      | Reached XP level 4. HP: 12/31 MP: 4/4
  1844 | D:3      | Killed a black bear
  1845 | D:3      | Reached skill level 3 in Stealth
  1845 | D:3      | Reached XP level 5. HP: 29/37 MP: 5/5
  1939 | D:2      | Reached XP level 6. HP: 43/43 MP: 6/6
  2287 | D:4      | Noticed Natasha
  2294 | D:4      | Killed Natasha
  2366 | D:4      | Found a staircase to the Ecumenical Temple.
  2411 | Temple   | Entered the Ecumenical Temple
  2533 | D:4      | Found an opulent altar of Gozag.
  2667 | D:4      | Noticed Natasha
  2671 | D:4      | Reached skill level 1 in Spellcasting
  2675 | D:4      | Killed Natasha
  2676 | D:4      | Reached skill level 4 in Stealth
  2818 | D:4      | Reached XP level 7. HP: 48/48 MP: 8/8
  3088 | D:4      | Noticed Natasha
  3096 | D:4      | Killed Natasha
  3311 | Temple   | Became a worshipper of Hepliaklqana the Forgotten
  3311 | Temple   | Reached * piety under Hepliaklqana
  3311 | Temple   | Reached ** piety under Hepliaklqana
  3312 | Temple   | Remembered your ancestor Cashile as a hexer
  3363 | D:5      | Entered Level 5 of the Dungeon
  3454 | D:5      | Found a basalt altar of Yredelemnul.
  3658 | D:5      | Reached skill level 5 in Stealth
  3658 | D:5      | Reached XP level 8. HP: 47/48 MP: 9/11
  3920 | D:5      | Found a white marble altar of Elyvilon.
  4155 | D:5      | Reached *** piety under Hepliaklqana
  4258 | D:6      | Reached skill level 5 in Fighting
  4258 | D:6      | Reached skill level 5 in Dodging
  4296 | D:6      | Reached skill level 5 in Unarmed Combat
  4783 | D:6      | Reached skill level 6 in Stealth
  4930 | D:7      | Noticed Dowan
  4991 | D:5      | Noticed a rust devil
  4991 | D:5      | Noticed a rust devil
  5109 | D:7      | Noticed Duvessa
  5119 | D:7      | Killed Duvessa
  5120 | D:7      | Reached XP level 9. HP: 45/54 MP: 14/14
  5142 | D:7      | Killed Dowan
  5277 | D:7      | Found a runed translucent door.
  5277 | D:7      | Noticed Golzeb's ghost (novice SpHu)
  5453 | D:7      | Reached skill level 7 in Stealth
  5471 | D:7      | Noticed a hornet
  5613 | D:8      | Reached skill level 5 in Transmutations
  6183 | D:8      | Noticed Maurice
  6222 | D:8      | Killed Maurice
  6284 | D:8      | Found a burning altar of Makhleb.
  6353 | D:8      | Reached **** piety under Hepliaklqana
  6581 | D:8      | Noticed a deep elf pyromancer
  6595 | D:8      | Reached skill level 8 in Stealth
  6595 | D:8      | Reached XP level 10. HP: 56/62 MP: 13/16
  6628 | D:8      | Killed a deep elf pyromancer
  6863 | D:9      | Found a staircase to the Orcish Mines.
  6910 | D:9      | Found a staircase to the Lair.
  7144 | D:9      | Reached skill level 5 in Spellcasting
  7144 | D:9      | Reached skill level 1 in Invocations
  7153 | D:9      | Reached skill level 1 in Evocations
  7189 | D:9      | Noticed a two-headed ogre
  7553 | D:9      | Reached skill level 9 in Stealth
  7724 | D:9      | Found a glowing golden altar of the Shining One.
  8069 | D:9      | Killed a two-headed ogre
  8070 | D:9      | Reached XP level 11. HP: 65/67 MP: 18/18
  8396 | D:7      | Killed Golzeb's ghost
  8400 | D:7      | Identified 3 scrolls of acquirement
  8401 | D:7      | Acquired a manual of Stealth
  8403 | D:7      | Acquired a +6 ring of strength
  8406 | D:7      | Acquired 765 gold pieces
  8411 | D:7      | Learned a level 2 spell: Passwall
  8522 | D:10     | Entered Level 10 of the Dungeon
  8618 | D:10     | Learned a level 3 spell: Spider Form
  8716 | D:10     | Found Xigaf's Assorted Antiques.
  8722 | D:10     | Noticed a two-headed ogre
  8731 | D:10     | Killed a two-headed ogre
  8732 | D:10     | Reached skill level 10 in Stealth
  8744 | D:10     | Reached skill level 1 in Poison Magic
  8764 | D:10     | Bought a scroll labelled VUFIUM SIUCSUM for 21 gold pieces
  8764 | D:10     | Bought a worn silver wand for 84 gold pieces
  8764 | D:10     | Bought a shiny silver wand for 84 gold pieces
  8878 | D:10     | Found a shimmering blue altar of Sif Muna.
  8878 | D:10     | Found a snail-covered altar of Cheibriados.
  8878 | D:10     | Found a hide-covered altar of Uskayaw.
  8954 | D:10     | Noticed an obsidian statue
  9016 | D:10     | Reached skill level 1 in Earth Magic
  9221 | Lair:1   | Entered Level 1 of the Lair of Beasts
  9240 | Lair:1   | Found a transporter.
  9241 | Lair:1   | Reached ***** piety under Hepliaklqana
  9316 | Lair:1   | Reached skill level 11 in Stealth
  9571 | Lair:2   | Noticed a five-headed hydra
  9574 | Lair:2   | Found a staircase to the Swamp.
  9818 | Lair:2   | Reached skill level 12 in Stealth
  9977 | Lair:2   | Reached XP level 12. HP: 68/73 MP: 19/19
 10247 | Lair:2   | Found a hole to the Spider Nest.
 10422 | Lair:1   | Found a transporter.
 10439 | Lair:1   | Found the +7 Kryia's mail coat {PotionHeal*2 rC+}
 10578 | Lair:2   | Reached skill level 13 in Stealth
 10787 | Lair:2   | Reached skill level 5 in Evocations
 10791 | Lair:2   | Reached skill level 5 in Invocations
 10815 | Lair:2   | Killed a five-headed hydra
 11007 | Lair:2   | Reached skill level 14 in Stealth
 11275 | Lair:3   | Noticed a seven-headed hydra
 11304 | Lair:3   | Killed a seven-headed hydra
 11466 | Lair:3   | Found a runed translucent door.
 11466 | Lair:3   | Noticed MisterFreud's ghost (journeyman FeBe)
 11529 | Lair:3   | Reached skill level 15 in Stealth
 11553 | Lair:3   | Noticed a six-headed hydra
 11605 | Lair:3   | Noticed a catoblepas
 12000 | Lair:3   | Noticed a skyshark
 12009 | Lair:3   | Killed a skyshark
 12010 | Lair:3   | Reached XP level 13. HP: 80/80 MP: 20/20
 12377 | Lair:3   | HP: 4/80 [MisterFreud's ghost (12)]
 12553 | Lair:3   | Reached skill level 5 in Poison Magic
 13407 | Lair:4   | Reached skill level 16 in Stealth
 13874 | Lair:3   | Killed MisterFreud's ghost
 14176 | Orc:1    | Entered Level 1 of the Orcish Mines
 14438 | Orc:1    | Reached skill level 17 in Stealth
 14496 | Orc:1    | Found a frozen archway.
 14511 | IceCv    | Entered an ice cave
 14601 | IceCv    | Reached skill level 5 in Earth Magic
 15220 | IceCv    | Reached XP level 14. HP: 51/87 MP: 15/21
 16078 | IceCv    | Reached skill level 18 in Stealth
 16559 | Orc:2    | Entered Level 2 of the Orcish Mines
 16830 | Orc:2    | Found a staircase to the Elven Halls.
 16923 | Orc:2    | Found a dark tunnel.
 16937 | Volcano  | Entered a volcano
 17878 | Orc:2    | Reached skill level 19 in Stealth
 17884 | Orc:2    | Paralysed by an orc sorcerer for 4 turns
 17886 | Orc:2    | Mangled by an orc knight

Illustrated notes

Levels and vault maps discovered:
D:1:      spicycebolla_arrival_transporter_tutorial, layout_loops_ring,
          serial_shops, nicolae_shop_crystal
D:2:      layout_rooms
D:3:      layout_basic, kennysheep_generic_room_13
D:4:      layout_basic, mainiacjoe_overflow_six_doors_small,
          minmay_temple_entry_grid, uniq_natasha
D:5:      cheibrodos_iron_armory, layout_loops_corners, kennysheep_ying_yang
D:6:      layout_loops_cross, kennysheep_potato
D:7:      layout_rooms, gammafunk_ghost_grave, uniq_duvessa
D:8:      layout_basic, makhleb_grotto_becter, serial_curves, eino_curves_01,
          eino_curves_03, eino_curves_04, eino_curves_04, uniq_maurice
D:9:      layout_loops_ring, mainiacjoe_overflow_chevrons,
          hellmonk_lair_entry_icy, orc_0_dummy, kennysheep_generic_room_3
D:10:     layout_rooms, gammafunk_temple_overflow_forgotten, serial_shops, shop,
          david_greed
Temple:   jpeg_temple_clearing
Lair:1:   gammafunk_cloud_chamber, layout_cave_shapes,
          chequers_serial_rivers_micro_b, uniq_gastronok
Lair:2:   lemuel_reptile_caves, layout_hall_layers, swamp_mist,
          nicolae_spider_entry_lesser_pyramids
Lair:3:   layout_cave_pods, hellmonk_ghost_happy_afterlife, st_stairs_13,
          infiniplex_staircase_pool
Lair:4:   layout_regular_city
Orc:1:    layout_diamond_mine, basic_altar, portal_ice_cave_entry_imps,
          nicolae_orc_stony_grotto
Orc:2:    grunt_orc_tribal_feast, layout_caves, enter_volcano_3, basic_altar

Skill      XL: |  1  2  3  4  5  6  7  8  9 10 11 12 13 14 |
---------------+-------------------------------------------+-----
Stealth        | 1 2 3 4 5 6 8 9 12 15 17 19 | 19.0
Transmutations | 1 2 3 4 5 6 7 8 9 |  9.1
Fighting       | 4 5 6 7 8 9 |  9.7
Unarmed Combat | 4 5 6 7 8 9 |  9.6
Dodging        | 4 5 6 7 8 9 |  9.7
Spellcasting   | 1 2 3 4 5 |  5.0
Invocations    | 2 4 5 6 7 |  7.4
Evocations     | 2 4 5 7 |  7.6
Poison Magic   | 2 4 6 7 |  7.0
Earth Magic    | 2 3 5 |  5.9

Action                     |  1- 3 |  4- 6 |  7- 9 | 10-12 | 13-15 || total
---------------------------+-------+-------+-------+-------+-------++-------
  Melee: Unarmed           |    53 |    97 |   230 |   424 |   640 ||  1444
         Constrict         |    16 |    32 |    50 |    58 |    76 ||   232
         Tentacles         |    18 |    30 |    82 |   140 |   123 ||   393
         Punch             |     2 |     6 |    20 |    39 |    24 ||    91
  Throw: Dart              |       |       |     3 |     3 |     2 ||     8
   Cast: Spider Form       |       |       |       |     1 |    18 ||    19
         Passwall          |       |       |       |     1 |     1 ||     2
 Invoke: Ancestor Life: He |       |       |     1 |       |       ||     1
         Recall Ancestor   |       |       |     6 |    16 |    10 ||    32
         Transference      |       |       |       |     1 |     3 ||     4
         Idealise          |       |       |       |       |     4 ||     4
  Evoke: Wand              |       |       |       |    26 |    16 ||    42
         Lightning rod     |       |       |       |     1 |     5 ||     6
    Use: Potion            |     3 |       |       |     7 |     4 ||    14
         Scroll            |     5 |     1 |     1 |    15 |     8 ||    30
   Stab: Sleeping          |     5 |     1 |     1 |     4 |     8 ||    19
         Distracted        |       |       |     2 |     8 |    16 ||    26
         Confused          |       |       |     1 |    25 |    18 ||    44
         Paralysed         |       |       |       |     3 |     2 ||     5
 Armour: Skin              |     3 |    17 |    52 |    61 |   123 ||   256
  Dodge: Dodged            |    25 |    84 |   165 |   299 |   498 ||  1071
